 Dungeon Crawl Stone Soup version bcrawl-1.27.6 (webtiles) character file.

Game seed: 10510704945756585974

110350 Freyura the Stinger (level 3, -1/26 HPs)
             Began as an Oni Wizard on Sept 29, 2020.
             Slain by a worm (8 damage)
             ... on level 2 of the Dungeon.
             The game lasted 00:05:15 (1580 turns).

Freyura the Stinger (Oni Wizard)                    Turns: 1580, Time: 00:05:16

Health: -1/26      AC:  1    Str: 10    XL:     3   Next: 79%
Magic:  1/9        EV: 12    Int: 20    God:
Gold:   61         SH:  0    Dex:  9    Spells: 7/8 levels left

rFire    . . .     SeeInvis .   a - +0 staff
rCold    . . .     Gourm    .   (no shield)
rNeg     . . .     Faith    .   b - +0 animal skin
rPois    .         Spirit   .   c - +0 hat
rElec    .         Reflect  .   (no cloak)
rCorr    .         Harm     .   (no gloves)
MR       +....                  (no boots)
Stlth    ++........             (no amulet)
HPRegen  0.08/turn              (no ring)
MPRegen  0.11/turn              (no ring)

@: no status effects
A: oni magic, claws 1, fangs 1, horns 1, deformed body, magic resistance 1
a: no special abilities


You were on level 2 of the Dungeon.
You were not hungry.

You visited 1 branch of the dungeon, and saw 2 of its levels.

You collected 61 gold pieces.

Inventory:

Hand Weapons
 a - a +0 staff (weapon)
Armour
 b - a +0 animal skin (worn)
 c - a +0 hat (worn)
Scrolls
 d - a scroll of identify
 g - a scroll of enchant armour {unknown}
Potions
 f - a potion of brilliance
 h - a potion of resistance
Comestibles
 e - 2 rations {!d}
 i - 4 chunks of flesh


   Skills:
 - Level 1.7 Dodging
 - Level 1.7 Stealth
 * Level 3.2 Spellcasting
   Level 3.2 Conjurations
   Level 3.2 Hexes
   Level 3.2 Charms
   Level 3.2 Summonings
   Level 3.2 Necromancy
   Level 3.2 Translocations
   Level 3.2 Transmutations
   Level 3.2 Fire Magic
   Level 3.2 Ice Magic
   Level 3.2 Air Magic
   Level 3.2 Earth Magic
   Level 3.2 Poison Magic


You had 7 spell levels left.
You knew the following spells:

 Your Spells              Type           Power        Failure   Level  Hunger
a - Magic Dart            Conj           ###.         3%          1    None

Your spell library contained the following spells:

 Spells                   Type           Power        Failure   Level  Hunger
 Infusion                 Chrm           ###.....     3%          1    None
 Blink                    Tloc           N/A          4%          2    #......
 Call Imp                 Summ           ###...       4%          2    #......
 Conjure Flame            Conj/Fire      ###.....     11%         3    ####...
 Spider Form              Tmut/Pois      ###          11%         3    ####...
 Mephitic Cloud           Conj/Pois/Air  ###.....     12%         3    ####...


Dungeon Overview and Level Annotations

Branches:
Dungeon (2/12)

Altars:


Innate Abilities, Weirdness & Mutations

You learn spells by gaining experience, not through books or religion.
You only train spellcasting to practice magic.
You have sharp fingernails.
You have very sharp teeth.
You have a pair of small horns on your head.
Armour fits poorly on your strangely shaped body.
You are resistant to hostile enchantments. (MR+)


Message History

Aim: a worm (heavily wounded)
The magic dart hits the worm.
The worm is heavily wounded.
Casting: Magic Dart (safe; 3% risk of failure)
Confirm with . or Enter, or press ? or * to list all spells.
Aiming: Magic Dart (safe; 3% risk of failure)
Press: ? - help, Shift-Dir - straight line, f/p - worm
Aim: a worm (heavily wounded)
The magic dart hits the worm.
The worm is severely wounded.
The worm bites you but does no damage.
Casting: Magic Dart (safe; 3% risk of failure)
Confirm with . or Enter, or press ? or * to list all spells.
Aiming: Magic Dart (safe; 3% risk of failure)
Press: ? - help, Shift-Dir - straight line, f/p - worm
Aim: a worm (severely wounded)
The magic dart hits the worm.
The worm is severely wounded.
The worm bites you!
You die...

#.###.# #..###.# ......#
#......# #.##### ##.#####
#.# ##)## #†# ##...## ..#
##.....## ..##
##.......## ##
...####.........####...##
......+.........@w.......
.....##.........####.....
#.##.###.......## ...
####)# ##.....## . #.#
##...## #.# ##'## #.#
#.##### #.# #.##.. #.#
##.##.#


You could see a worm.

Vanquished Creatures
  A leopard gecko (D:2)
  3 giant cockroaches
  6 goblins
  8 hobgoblins
  9 jackals
  3 kobolds
  3 bats
  3 frilled lizards
  6 rats
42 creatures vanquished.

Notes
Turn   | Place    | Note
-------+----------+-------------------------------------------
     0 | D:1      | Freyura the Oni Wizard began the quest for the Orb.
     0 | D:1      | Reached XP level 1. HP: 14/14 MP: 5/5
   186 | D:1      | Reached XP level 2. HP: 20/20 MP: 1/7
   557 | D:1      | Reached XP level 3. HP: 26/26 MP: 2/9
   631 | D:1      | Reached skill level 3 in Spellcasting
   980 | D:2      | Gained mutation: Armour fits poorly on your strangely
                  | shaped body. [potion of mutation]
   980 | D:2      | Gained mutation: You are resistant to hostile enchantments.
                  | (MR+) [potion of mutation]
  1580 | D:2      | Slain by a worm

Skill      XL: |  1  2  3 |
---------------+----------+-----
Spellcasting   | 3 |  3.2
Dodging        | |  1.7
Stealth        | |  1.7
Conjurations   | |  3.2
Hexes          | |  3.2
Charms         | |  3.2
Summonings     | |  3.2
Necromancy     | |  3.2
Translocations | |  3.2
Transmutations | |  3.2
Fire Magic     | |  3.2
Ice Magic      | |  3.2
Air Magic      | |  3.2
Earth Magic    | |  3.2
Poison Magic   | |  3.2

Action                   || total
-------------------------++-------
Melee: Staff             ||    24
       Bite              ||     2
       Headbutt          ||     1
 Cast: Magic Dart        ||    95
  Use: Scroll            ||     2
       Potion            ||     1
  Eat: Chunk             ||     4
Armor: Animal skin       ||     5
Dodge: Dodged            ||    16
